 Dungeon Crawl Stone Soup version 0.31-a0-889-g1a8549509d (webtiles) character file.

Game seed: 11414187645011501870

67 LeprechaunX the Changeling (level 4, 0/43 HPs)
             Began as an Octopode Shapeshifter on Oct 16, 2023.
             Killed by divine providence
             ... invoked by an orc priest
              (13 damage)
             ... on level 1 of the Dungeon.
             The game lasted 00:03:47 (1629 turns).

LeprechaunX the Changeling (Octopode Shapeshifter)  Turns: 1629, Time: 00:03:48

Health: 0/43       AC: 22    Str: 18    XL:     4   Next: 18%
Magic:  4/4        EV:  2    Int: 12    God:
Gold:   87         SH:  0    Dex: 11    Spells: 3/3 levels left

rFire   . . .        b - +1 dagger of Crystal {pain, rPois Str+3 Stlth+}
rCold   . . .        g - orb {mayhem}
rNeg    . . .        (helmet currently unavailable)
rPois   +            (no amulet)
rElec   .            (no ring)
rCorr   .            (no ring)
SInv    .            (no ring)
Will    .....        (no ring)
Stlth   ++           (no ring)
HPRegen 0.27/turn    (no ring)
MPRegen 0.09/turn    (no ring)
                     (no ring)

%: mayhem
@: tree-form
A: stationary, stasis, torment immunity, boosted hp, almost no armour,
(amphibious), 8 rings, (camouflage 1), (gelatinous body 1), (nimble swimmer 1),
(tentacles)
a: no special abilities


You were on level 1 of the Dungeon.
You were a tree.
You visited 1 branch of the dungeon, and saw 2 of its levels.

You collected 87 gold pieces.

Inventory:

Hand Weapons
 a - a +0 sling
 b - the +1 dagger of Crystal (weapon) {pain, rPois Str+3 Stlth+}
   (You found it on level 2 of the Dungeon)

   Str+3:     It affects your strength (+3).
   rPois:     It protects you from poison Stlth+: It makes you more stealthy.
Missiles
 h - 3 poisoned darts
 m - 6 javelins
Armour
 g - an orb of mayhem (worn)
Talismans
 c - a flux talisman
 k - a beast talisman
Scrolls
 d - 2 scrolls of teleportation {unknown}
 e - a scroll of enchant armour {unknown}
 j - a scroll of identify {unknown}
 l - a scroll of revelation {unknown}
Potions
 f - a potion of resistance {unknown}
 i - a potion of cancellation {unknown}


   Skills:
 + Level 1.8 Fighting
 + Level 2.6 Dodging
 + Level 3.4 Unarmed Combat
 * Level 3.7 Shapeshifting


You had 3 spell levels left.
You didn't know any spells.
Your spell library contained the following spells:

 Spells                   Type           Power      Damage    Failure   Level
 Apportation              Tloc           0%         N/A       32%         1
 Magic Dart               Conj           0%         1d3       32%         1
 Call Imp                 Summ           0%         N/A       45%         2
 Jinxbite                 Hex            0%         N/A       45%         2
 Mephitic Cloud           Conj/Pois/Air  0%         N/A       69%         3
 Alistair's Intoxication  Tmut/Pois      0%         N/A       100%        5


Dungeon Overview and Level Annotations

Branches:
Dungeon (2/15)

Altars:

Shops:
D:2 =


Innate Abilities, Weirdness & Mutations

You are a tree.
Your roots penetrate the ground, keeping you stationary.
You cannot be teleported.
You are immune to unholy pain and torment.
Your maximum health is greatly increased.
You cannot wear most types of armour.
((You are amphibious.))
You can wear up to eight rings at the same time.
((Your skin changes colour to match your surroundings (Stealth+).))
((Your rubbery body absorbs attacks. (AC +1, EV +1)))
((You are camouflaged when in or above water. (Stealth+)))
((You have tentacles for arms and can constrict up to eight enemies at once.))


Message History

Done exploring.
Done exploring.
Search for what [Enter for "."]? .
Unknown command.
You see here a +0 dagger.
You see here a +1 dagger of speed.
There is a stone staircase leading up here.
You climb upwards.
Level annotation: 2 runed translucent doors
There is a stone staircase leading down here.
The orc warrior shouts!
The orc shouts!
The orc wizard shouts!
The orc priest shouts!
The orc shouts! x4; You hear a shout!
Key pressed, stopping explore.
The orc priest shouts!
Could not explore, unopened runed door.
You start putting on your armour.
You continue putting on your orb of mayhem. x4
You finish putting on your orb of mayhem.
You see here a +0 whip.
Unknown command.
You open the large door.
The orc priest invokes the aid of Beogh against you.
Pain shoots through your body!
Your transformation has ended.
You turn into a tree.
Your roots penetrate the ground.
The orc hits you with a +0 flail.
You hit the orc but do no damage. The orc hits you with a +0 flail.
The orc warrior hits you but does no damage.
You hit the orc.
The orc is lightly wounded.
The orc priest invokes the aid of Beogh against you.
Beogh smites you! The orc completely misses you.
The orc warrior hits you with a +2 long sword of holy wrath!
* * * LOW HITPOINT WARNING * * *
You barely miss the orc.
The orc is lightly wounded.
The orc hits you but does no damage.
The orc priest calls down the wrath of Beogh upon you.
Beogh smites you!
You die...

#....###########################
#....#....................##....
#....#.............#....#....#..
#....#...###........#.#.##..#...
##....#..............#.......##.#
#.....#...########....#...#......
......#...#.♣.♣ ##....#...##..#.
......#...#...o#####.....#..#...#
..........#..oo#♣#.8......##.....
......#...#..oooo..........(..##.
.######...#..oo'o.......##^##..#.
.# #...#..8.#.#.8...).....#... .#
#...#..).#####...#...#.#...
.######...#.♣.♣ ##..##....##....
.##...#...########..#...#....#...
......#.................#.......#
......###########################


You could see an orc warrior, 2 orc priests and 4 orcs.

Vanquished Creatures
  An adder (D:2)
  2 worms
  A dart slug (D:1)
  5 endoplasms (D:1)
  2 giant cockroaches (D:2)
  5 goblins
  4 hobgoblins
  3 jackals (D:2)
  4 kobolds
  2 quokkas (D:1)
  6 ball pythons
  4 bats (D:2)
  4 frilled lizards (D:1)
  4 rats
47 creatures vanquished.

Notes
Turn   | Place    | Note
-------+----------+-------------------------------------------
     0 | D:1      | LeprechaunX the Octopode Shapeshifter began the quest for
                  | the Orb.
     0 | D:1      | Reached XP level 1. HP: 13/13 MP: 1/1
    95 | D:1      | Found a large runed translucent door.
    95 | D:1      | Found a large runed translucent door.
    98 | D:1      | Noticed an orc wizard
    98 | D:1      | Noticed an orc priest
    98 | D:1      | Noticed an orc warrior
   103 | D:1      | Noticed an orc priest
   117 | D:1      | Reached XP level 2. HP: 18/18 MP: 2/2
   321 | D:1      | Reached XP level 3. HP: 20/23 MP: 3/3
   718 | D:2      | Identified the +1 dagger of Crystal {pain, rPois Str+3
                  | Stlth+}
   988 | D:2      | Reached XP level 4. HP: 16/29 MP: 4/4
  1239 | D:2      | Found Tegeo's Jewellery Emporium.
  1629 | D:1      | Killed from afar by an orc priest

Illustrated notes

Levels and vault maps discovered:
D:1:      erik_arrival_cave_to_civilisation [erik_arrival_cave_to_temple],
          layout_rooms, nicolae_wormholes
D:2:      layout_basic, serial_shops, shop, minmay_misc_feat_tower,
          minmay_surrounded

Action                     |  1- 3 |  4- 6 || total
---------------------------+-------+-------++-------
  Melee: Unarmed           |    53 |       ||    53
         Tentacles         |    10 |     3 ||    13
         Constrict         |    13 |     5 ||    18
         Dagger            |    16 |    17 ||    33
         Punch             |     2 |       ||     2
    Use: Potion            |       |     1 ||     1
   Stab: Sleeping          |     1 |     1 ||     2
 Armour: Skin              |    43 |    17 ||    60
  Dodge: Dodged            |    63 |    17 ||    80

Table legend: (Time is in decaauts)
 A = Elapsed time spent in this place.
 B = Non-inter-level travel time spent in this place.
 C = Inter-level travel time spent in this place.
 D = Time resting spent in this place.
 E = Time spent auto-exploring this place.
 F = Levels seen in this place.
 G = Mean time per level.
                   A        B        C        D        E       F      G
               +--------+--------+--------+--------+--------+-----+--------+
         Total |   1624 |   1384 |    240 |      0 |   1119 |   2 |  812.0 |
       Dungeon |   1624 |   1384 |    240 |      0 |   1119 |   2 |  812.0 |
               +--------+--------+--------+--------+--------+-----+--------+

Top non-repeatable levels by time:
     D:2: 914 daAuts
     D:1: 710 daAuts
